 Dungeon Crawl Stone Soup version 0.31-a0-986-g5e6e4ef867 (webtiles) character file.

Game seed: 13107157913517980997

244 octoduck the Firebug (level 5, -2/35 HPs)
             Began as a Demonspawn Fire Elementalist on Nov 18, 2023.
             Slain by an iguana (5 damage)
             ... on level 4 of the Dungeon.
             The game lasted 00:11:21 (3945 turns).

octoduck the Firebug (Demonspawn Fire Elementalist) Turns: 3945, Time: 00:11:21

Health: -2/35      AC:  4    Str:  8    XL:     5   Next: 83%
Magic:  1/8        EV: 12    Int: 18    God:
Gold:   176        SH:  4    Dex: 14    Spells: 5/8 levels left

rFire   . . .        h - +0 short sword (protect)
rCold   . . .        (no shield)
rNeg    . . .        a - +0 robe
rPois   .            (no helmet)
rElec   .            (no cloak)
rCorr   .            f - +1 pair of gloves
SInv    .            (no boots)
Will    .....        (no amulet)
Stlth   ++           (no ring)
HPRegen 0.25/turn    (no ring)
MPRegen 0.22/turn

%: no passive effects
@: very slightly contaminated
A: hooves 1, magic regeneration, condensation shield
a: no special abilities


You were on level 4 of the Dungeon.
You visited 1 branch of the dungeon, and saw 4 of its levels.

You collected 176 gold pieces.

Inventory:

Hand Weapons
 h - a +0 short sword of protection (weapon)
 i - a +0 dagger
 s - a +2 long sword of flaming
Armour
 a - a +0 robe (worn)
 d - a +0 scale mail
 f - a +1 pair of gloves (worn)
 g - a +0 leather armour
 l - a +0 ring mail
 p - a +1 ring mail of cold resistance
Jewellery
 e - an amulet of faith
 r - a ring of wizardry
Wands
 j - a wand of iceblast (4)
Scrolls
 k - a scroll of immolation
 o - a scroll of amnesia
Potions
 b - 2 potions of magic
 c - a potion of brilliance {unknown}
 m - 2 potions of mutation
 n - a potion of degeneration {unknown}
 q - a potion of heal wounds {unknown}


   Skills:
 - Level 1.7 Dodging
 - Level 1.7 Stealth
 - Level 2.0 Spellcasting
 + Level 4.1 Conjurations
 + Level 4.6 Fire Magic


You had 5 spell levels left.
You knew the following spells:

 Your Spells              Type           Power      Damage    Failure   Level
a - Foxfire               Conj/Fire      68%        2x1d7     3%          1
b - Scorch                Fire           36%        2d6       4%          2

Your spell library contained the following spells:

 Spells                   Type           Power      Damage    Failure   Level
 Momentum Strike          Conj/Tloc      18%        3d8       12%         2
 Apportation              Tloc           2%         N/A       19%         1
 Necrotise                Necr           4%         1d4       19%         1
 Summon Small Mammal      Summ           4%         N/A       19%         1
 Inner Flame              Hex/Fire       10%        N/A       21%         3
 Volatile Blastmotes      Fire/Tloc      20%        2d11      21%         3
 Blink                    Tloc           2%         N/A       26%         2
 Lesser Beckoning         Tloc           2%         N/A       26%         2
 Flame Wave               Conj/Fire      17%        2d7       30%         4
 Gell's Gravitas          Tloc           1%         N/A       47%         3
 Teleport Other           Tloc           1%         N/A       47%         3


Dungeon Overview and Level Annotations

Branches:
Dungeon (4/15)
 Temple: D:4-7

Altars:
Ru

Shops:
D:3 (


Innate Abilities, Weirdness & Mutations

You have large cloven feet.
You regenerate magic rapidly.
A meltable shield of frost defends you. (SH +4)


Message History

The foxfire hits the iguana but does no damage.
The iguana is heavily wounded.
The foxfire hits the iguana but does no damage.
The iguana is heavily wounded.
The iguana bites you!
The iguana is no longer more vulnerable to fire.
The iguana attacks as it pursues you! The iguana bites you!
* * * LOW HITPOINT WARNING * * *
Casting: Foxfire (safe; 3% risk of failure)
Confirm with . or Enter, or press ? or * to list all spells.
You miscast Foxfire.
You are very lightly contaminated with residual magic.
Nothing appears to happen.
The iguana bites you but does no damage.
Casting: Foxfire (safe; 3% risk of failure)
Confirm with . or Enter, or press ? or * to list all spells.
Flames lash the bullfrog.
The bullfrog is heavily wounded.
The bullfrog's fire resistance burns away.
You block the bullfrog's attack.
The iguana bites you but does no damage.
The bullfrog misses you. The bullfrog barely misses you.
The iguana barely misses you.
Casting: Scorch (safe; 4% risk of failure)
Confirm with . or Enter, or press ? or * to list all spells.
Flames lash the bullfrog.
The bullfrog is burned terribly!
You kill the bullfrog!
The iguana bites you!
* * * LOW HITPOINT WARNING * * *
Your Conjurations skill increases to level 4!
An endoplasm comes into view.
You block the iguana's attack.
Okay, then.
Okay, then.
Aiming: Iceblast
Press: ? - help, Shift-Dir - straight line The mass of ice explodes!
The iceblast engulfs the iguana.
The iguana is heavily wounded.
The iguana bites you.
You die...

###.#.#.#..#
#######...#......#
#...........#.#..#
#................#
###
#.............=..#
#.#
#.............$..#
#.#
#.[.............##
#.###.........##...##
#..##..@l.....# ##.#
#...#.........# .#
#.<.#.....##### .
##÷...#...# #
#..#......#
##.÷.......#
.....J..#..
...###...#... ....#
...#


You could see an iguana and an endoplasm.

Vanquished Creatures
  A bullfrog (D:4)
  An orc priest (D:3)
  Ijyb (D:3)
  A sleepcap (D:4)
  An orc wizard (D:3)
  An adder (D:4)
  4 dart slugs
  2 orcs
  A ball python (D:1)
  6 bats
  5 endoplasms
  5 giant cockroaches
  6 goblins
  8 hobgoblins
  4 jackals (D:4)
  5 quokkas
  5 frilled lizards
  3 kobolds (D:1)
  3 rats
63 creatures vanquished.

Vanquished Creatures (others)
  148 foxfires
148 creatures vanquished.

Grand Total: 211 creatures vanquished

Notes
Turn   | Place    | Note
-------+----------+-------------------------------------------
     0 | D:1      | octoduck the Demonspawn Fire Elementalist began the quest
                  | for the Orb.
     0 | D:1      | Reached XP level 1. HP: 13/13 MP: 3/3
   275 | D:1      | Gained mutation: A meltable shield of frost defends you.
                  | (SH +4) [demonic ancestry]
   275 | D:1      | Reached XP level 2. HP: 8/19 MP: 0/5
   330 | D:1      | Learned a level 2 spell: Scorch
  1220 | D:1      | Gained mutation: You regenerate magic rapidly. [demonic
                  | ancestry]
  1220 | D:1      | Reached XP level 3. HP: 24/24 MP: 3/6
  1304 | D:1      | Found a faded altar of an unknown god.
  1599 | D:2      | Found a sacrificial altar of Ru.
  2514 | D:3      | Noticed Ijyb
  2536 | D:3      | Killed Ijyb
  2537 | D:3      | Reached XP level 4. HP: 26/30 MP: 3/7
  3053 | D:3      | Found Epovyis's Weapon Shop.
  3271 | D:3      | Gained mutation: You have large cloven feet. [demonic
                  | ancestry]
  3271 | D:3      | Reached XP level 5. HP: 15/35 MP: 4/8
  3945 | D:4      | Slain by an iguana

Illustrated notes

Levels and vault maps discovered:
D:1:      lightli_arrival_boilingwater, layout_loops_ring,
          chequers_ecumenical_altar_grove
D:2:      layout_loops_cross, basic_altar, chequers_hall_statues_wall_a,
          grunt_decor_resistance, minivault_26
D:3:      layout_basic, mainiacjoe_overflow_six_doors_small, serial_curves,
          eino_curves_01, eino_curves_04, serial_shops,
          nicolae_shop_bloodbath_and_beyond, uniq_ijyb
D:4:      layout_rooms, kennysheep_vampire_church, minmay_temple_entry_poolview,
          serial_glass, glass_columns_a, glass_columns_b,
          nicolae_shop_firing_range

Skill      XL: |  1  2  3  4  5 |
---------------+----------------+-----
Fire Magic     | 3 4 |  4.6
Conjurations   | 2 3 4 |  4.1
Dodging        | |  1.7
Stealth        | |  1.7
Spellcasting   | |  2.0

Action                     |  1- 3 |  4- 6 || total
---------------------------+-------+-------++-------
  Melee: Unarmed           |     2 |       ||     2
         Short sword       |    18 |       ||    18
   Cast: Foxfire           |    61 |    32 ||    93
         Scorch            |    15 |     8 ||    23
  Evoke: Wand              |       |     1 ||     1
    Use: Scroll            |    12 |       ||    12
         Potion            |     1 |       ||     1
   Stab: Invisible         |     3 |       ||     3
 Armour: Robe              |    38 |    20 ||    58
  Dodge: Dodged            |    33 |    16 ||    49
  Block: Other             |     9 |     4 ||    13

Table legend: (Time is in decaauts)
 A = Elapsed time spent in this place.
 B = Non-inter-level travel time spent in this place.
 C = Inter-level travel time spent in this place.
 D = Time resting spent in this place.
 E = Time spent auto-exploring this place.
 F = Levels seen in this place.
 G = Mean time per level.
                   A        B        C        D        E       F      G
               +--------+--------+--------+--------+--------+-----+--------+
         Total |   3968 |   3756 |    212 |   1084 |   1871 |   4 |  992.0 |
       Dungeon |   3968 |   3756 |    212 |   1084 |   1871 |   4 |  992.0 |
               +--------+--------+--------+--------+--------+-----+--------+

Top non-repeatable levels by time:
     D:3: 1522 daAuts
     D:1: 1373 daAuts
     D:2: 991 daAuts
     D:4: 81 daAuts
